 Dungeon Crawl Stone Soup version 0.20-a0-1116-gaa52201 (webtiles) character file.

1590 FastMan the Cleaver (level 8, -3/79 HPs)
             Began as a Gargoyle Berserker on May 7, 2017.
             Was a Priest of Trog.
             Slain by an orc warrior
             ... wielding a +0 halberd
              (13 damage)
             ... on level 6 of the Dungeon.
             The game lasted 00:02:56 (4768 turns).

FastMan the Cleaver (Gargoyle Berserker)            Turns: 4768, Time: 00:02:57

Health: -3/79      AC: 24    Str: 19 (21) XL:     8   Next: 92%
Magic:  8/8        EV:  2    Int:  7 (8)  God:    Trog [***...]
Gold:   150        SH:  0    Dex:  6 (9)  Spells: 7/7 levels left

rFire    . . .     SeeInvis .   a - +0 hand axe
rCold    . . .     Gourm    .   (no shield)
rNeg     + + +     Faith    .   (armour currently unavailable)
rPois    ∞         Spirit   .   (helmet currently unavailable)
rElec    .         Reflect  .   (cloak currently unavailable)
rCorr    .         Harm     .   (gloves currently unavailable)
MR       .....     NoTele   +   (boots currently unavailable)
Stlth    +.........             (no amulet)
Regen    0.3/turn               (no ring)
MPRegen  0.2/turn               (no ring)

@: tree-form, slowed, very slow
A: negative energy resistance 1, weak 1, petrification resistance, rot immunity,
AC +5
a: Berserk, Trog's Hand, Burn Spellbooks, Renounce Religion


You were on level 6 of the Dungeon.
You worshipped Trog.
Trog was most pleased with you.
You were near starving.
You were a tree.
You visited 1 branch of the dungeon, and saw 6 of its levels.

You collected 150 gold pieces.

Inventory:

Hand Weapons
 a - a +0 hand axe (weapon)
Armour
 b - a +0 animal skin
 h - a +0 scale mail (melded)
Scrolls
 i - 4 scrolls of teleportation {unknown}
 j - a scroll of enchant armour {unknown}
 m - 2 scrolls of remove curse {unknown}
Potions
 d - 4 potions of curing {@q1}
 k - a potion of magic {unknown}
 l - a potion of resistance {unknown}
Comestibles
 c - a bread ration {@e1}
 g - 2 royal jellies {@e3}
 n - 3 meat rations {@e2}


   Skills:
 + Level 7.5 Fighting
 * Level 8.7 Axes
 - Level 2.1 Armour
 - Level 1.5 Dodging


You had 7 spell levels left.
You didn't know any spells.

Dungeon Overview and Level Annotations

Branches:
Dungeon (6/15)             Temple (0/1) D:5

Altars:
Ashenzari
Cheibriados
Elyvilon
Nemelex Xobeh
Ru

Shops:
D:5 (


Innate Abilities, Weirdness & Mutations

You are resistant to torment.
((Your stone body is resilient. (AC +5)))
You are immune to poison.
You resist negative energy. (rN+)
((You are resistant to electric shocks. (rElec)))
((You can survive without breathing.))
You are immune to petrification.
You are immune to rotting.
((Your flesh is heat resistant. (rF+)))
You are weak. (Str -2)


Message History

Your roots penetrate the ground.
The orc hits you from afar with a trident.
* * * LOW HITPOINT WARNING * * *
The orc warrior completely misses you.
Unknown command.
Unknown command.
It was a potion of mutation.
You feel extremely strange.
You feel weaker.
You feel resistant to heat. The orc completely misses you.
The orc warrior hits you with a halberd.
* * * LOW HITPOINT WARNING * * *
The orc hits you from afar with a trident.
* * * LOW HITPOINT WARNING * * *
It was a potion of degeneration.
There was something very wrong with that liquid.
You feel weakened.
You feel dopey.
You feel clumsy.
The orc warrior hits you but does no damage.
The orc hits you but does no damage.
The orc warrior hits you with a halberd!
You die...

#### #...# .
###....### ####.#
.........## .....#
.......#..##......
#.....o.o.......
#...))##♣......#
#...)<.#.#.....#
#...).)........#
#....#......#...
##.........## ..
#..........# .
##.........>#
#.........##
#.........#


You could see an orc warrior and an orc.

Vanquished Creatures
  A hippogriff (D:5)
  Menkaure (D:5)
  An ogre (D:4)
  A phantom (D:5)
  2 centaurs (D:5)
  A gnoll sergeant (D:5)
  A scorpion (D:4)
  A howler monkey (D:5)
  4 crimson imps
  A centaur skeleton (D:5)
  A jelly (D:5)
  5 orc priests
  A hound (D:5)
  4 orc wizards
  Natasha (twice) (D:3)
  3 iguanas
  A worker ant (D:5)
  4 gnolls (D:5)
  5 adders
  A shadow imp (D:5)
  An ooze (D:2)
  An adder skeleton (D:4)
  A worm (D:2)
  2 leopard geckos
  25 orcs
  A ball python (D:2)
  2 giant cockroaches
  2 goblins
  3 hobgoblins
  5 jackals
  A bat (D:3)
  A frilled lizard (D:2)
  3 kobolds
  4 rats
93 creatures vanquished.

Notes
Turn   | Place    | Note
-------+----------+-------------------------------------------
     0 | D:1      | FastMan the Gargoyle Berserker began the quest for the Orb.
     0 | D:1      | Reached XP level 1. HP: 14/14 MP: 1/1
   411 | D:2      | Reached skill level 3 in Axes
   411 | D:2      | Reached XP level 2. HP: 12/19 MP: 2/2
   791 | D:2      | Reached XP level 3. HP: 14/24 MP: 3/3
  1000 | D:3      | Noticed Natasha
  1008 | D:3      | Killed Natasha
  1166 | D:3      | Found a shattered altar of Ashenzari.
  1171 | D:3      | Reached XP level 4. HP: 29/29 MP: 4/4
  1231 | D:3      | Noticed Natasha
  1239 | D:3      | Killed Natasha
  1239 | D:3      | Reached skill level 4 in Axes
  1473 | D:3      | Found a sparkling altar of Nemelex Xobeh.
  1563 | D:3      | Reached XP level 5. HP: 34/34 MP: 5/5
  1666 | D:3      | Found a faded altar of an unknown god.
  1674 | D:3      | Reached ** piety under Trog
  2030 | D:4      | Found a snail-covered altar of Cheibriados.
  2089 | D:4      | Reached skill level 5 in Axes
  2089 | D:4      | Reached XP level 6. HP: 26/40 MP: 6/6
  2410 | D:4      | Reached skill level 5 in Fighting
  2812 | D:5      | Entered Level 5 of the Dungeon
  2814 | D:5      | Noticed a hippogriff
  2827 | D:5      | Killed a hippogriff
  2827 | D:5      | Reached skill level 6 in Axes
  2827 | D:5      | Reached XP level 7. HP: 22/45 MP: 7/7
  3247 | D:5      | Reached skill level 7 in Axes
  3247 | D:5      | Reached XP level 8. HP: 52/52 MP: 8/8
  3320 | D:5      | Noticed Menkaure
  3321 | D:5      | Found a white marble altar of Elyvilon.
  3333 | D:5      | Killed Menkaure
  3822 | D:5      | Found Ipsikh's Antique Weapon Shoppe.
  3869 | D:5      | Reached skill level 8 in Axes
  4156 | D:5      | Found a sacrificial altar of Ru.
  4176 | D:5      | Found a staircase to the Ecumenical Temple.
  4753 | D:6      | Reached *** piety under Trog
  4767 | D:6      | Gained mutation: You are weak. (Str -2) [potion of mutation]
  4767 | D:6      | Gained mutation: Your flesh is heat resistant. (rF+) [potion of mutation]
  4768 | D:6      | Slain by an orc warrior

Vault maps used:
D:1:      dpeg_arrival_chase, lemuel_flame_loot_1
D:2:      first_bread
D:3:      nemelex_xobeh_ov_fountains_minmay, cheibrodos_ashenzari_chains,
          chequers_ecumenical_altar_simple, uniq_ijyb, uniq_natasha
D:4:      kennysheep_mini
D:5:      nicolae_overflow_hidden_temple, minmay_temple_entry_statues,
          serial_shops, shop, elyvilon_altar_5, uniq_menkaure
D:6:      grunt_gozag_statues, tgw_sif

Skill      XL: |  1  2  3  4  5  6  7  8 |
---------------+-------------------------+-----
Axes           | 3 4 5 6 7 8 |  8.7
Fighting       | 4 5 6 7 |  7.5
Armour         | |  2.1
Dodging        | |  1.5

Action                   |  1- 3 |  4- 6 |  7- 9 || total
-------------------------+-------+-------+-------++-------
Melee: Hand axe          |    40 |   164 |   185 ||   389
Invok: Berserk           |     6 |     7 |     5 ||    18
  Use: Potion            |       |       |     3 ||     3
 Stab: Sleeping          |     1 |       |       ||     1
  Eat: Chunk             |     5 |    12 |    10 ||    27
Armor: Animal skin       |     6 |     7 |       ||    13
       Scale mail        |       |    79 |    87 ||   166
       Skin              |       |       |     1 ||     1
Dodge: Dodged            |    20 |    86 |    88 ||   194
